Map: Romanticide LE

Players

Hurricane - Winner!

  • Race: Protoss Protoss
  • Spawn Location: 11:00

Probe

  • Race: Protoss Protoss
  • Spawn Location: 5:00

Event: IEM Katowice 2021

VOD

Have the link to the VOD?

Description

Time

  • Played on: Feb. 20, 2021, 11:46 a.m.
  • Length: 14:24

All games in this series

Show
View Real Time Build Order
Export as new Build Order

Hurricane Protoss - Winner!

Build Orders: Phoenix Opening, Zealot Archon 

Get SALT Encoding   

  12  0:00  Probe  
  13  0:12  Probe  
  14  0:17  Pylon  
  14  0:24  Probe (Chrono Boost)  
  15  0:36  Probe (Chrono Boost)  
  15  0:37  Gateway  
  16  0:45  Probe (Chrono Boost)  
  16  0:46  Assimilator  
  17  0:51  Probe  
  18  0:59  Assimilator  
  18  1:03  Probe (Chrono Boost)  
  19  1:09  Gateway  
  19  1:14  Probe (Chrono Boost)  
  20  1:19  Probe (Chrono Boost)  
  21  1:26  Cybernetics Core  
  21  1:30  Probe  
  22  1:38  Pylon  
  22  1:42  Probe  
  23  1:56  Probe  
  24  2:04  Sentry  
  26  2:08  Adept  
  26  2:09  Warp Gate  
  26  2:12  Probe  
  26  2:13  Pylon  
  29  2:19  Pylon  
  29  2:30  Stalker  
  31  2:38  Stalker  
  31  2:40  Phoenix  
  33  2:52  Nexus  
  33  3:00  Probe  
  33  3:01  Shield Battery  
  34  3:08  Sentry x2  
  38  3:15  Pylon  
  38  3:16  Probe  
  38  3:28  Probe  
  39  3:37  Forge, Twilight Council  
  39  3:40  Probe (Chrono Boost)  
  40  3:51  Probe (Chrono Boost)  
  40  3:53  Phoenix  
  41  3:56  Probe (Chrono Boost)  
  41  4:01  Protoss Ground Weapons Level 1  
  42  4:04  Probe (Chrono Boost)  
  42  4:07  Probe (Chrono Boost)  
  42  4:10  Blink (Chrono Boost)  
  42  4:14  Probe (Chrono Boost)  
  42  4:15  Probe (Chrono Boost)  
  44  4:19  Probe (Chrono Boost)  
  44  4:21  Probe  
  46  4:28  Gateway  
  46  4:30  Probe, Gateway  
  47  4:33  Probe  
  47  4:34  Phoenix  
  48  4:42  Robotics Facility, Probe  
  48  4:44  Stalker  
  51  4:46  Shield Battery  
  51  5:01  Nexus  
  51  5:06  Pylon  
  51  5:07  Probe x2  
  51  5:10  Assimilator  
  53  5:19  Stalker x2, Phoenix  
  57  5:24  Probe x2  
  57  5:25  Stalker  
  61  5:31  Stalker  
  63  5:36  Probe x2  
  63  5:42  Observer  
  66  5:43  Shield Battery  
  66  5:48  Probe x2  
  68  5:52  Pylon  
  68  6:00  Protoss Ground Weapons Level 2 (Chrono Boost), Gateway  
  68  6:01  Gateway  
  68  6:04  Phoenix, Gateway, Probe x2  
  68  6:05  Gateway  
  68  6:09  Charge  
  70  6:14  Immortal  
  70  6:18  Probe x3  
  77  6:30  Probe  
  77  6:31  Probe x2  
  80  6:39  Gateway  
  80  6:40  Gateway  
  80  6:42  Probe  
  80  6:44  Probe x2  
  83  6:47  Templar Archives  
  83  6:49  Pylon  
  83  6:53  Warp Prism  
  83  6:54  Pylon  
  85  7:09  Zealot x4  
  85  7:10  Zealot  
  95  7:16  Nexus  
  95  7:19  Pylon  
  95  7:25  Observer, High Templar  
  95  7:26  Zealot, High Templar  
  101  7:31  Pylon  
  101  7:32  Archon  
  101  7:34  Pylon, Zealot x3  
  107  7:42  Zealot x4  
  107  7:44  Probe x2  
  117  7:49  Probe  
  118  7:51  Pylon  
  118  7:53  Pylon  
  118  7:54  High Templar x2  
  118  7:57  Probe  
  118  7:58  Probe  
  124  7:59  Archon  
  124  8:01  Probe  
  123  8:08  Assimilator  
  123  8:10  Assimilator, Probe  
  123  8:11  Probe  
  125  8:13  Zealot x4, Robotics Bay  
  125  8:14  Assimilator  
  125  8:19  Probe  
  134  8:22  Pylon  
  130  8:29  Stalker, Zealot  
  130  8:30  Zealot x2  
  130  8:31  Probe x2  
  135  8:36  Protoss Ground Weapons Level 3  
  135  8:37  Robotics Facility  
  135  8:42  Zealot x4  
  143  8:51  Shield Battery  
  143  8:52  Shield Battery  
  143  8:58  Probe x4  
  143  9:01  Disruptor (Chrono Boost)  
  150  9:16  Probe  
  150  9:17  Probe x2  
  151  9:18  Photon Cannon  
  151  9:20  Photon Cannon x2  
  151  9:22  Photon Cannon  
  151  9:23  Photon Cannon  
  151  9:29  Disruptor (Chrono Boost)  
  151  9:31  Probe, Disruptor (Chrono Boost)  
  158  9:41  Pylon  
  154  9:52  Disruptor  
  151  9:55  Stalker x3  
  151  9:56  Stalker x4, Disruptor  
  158  10:15  Stalker x3  
  158  10:19  Stalker x3  
  158  10:20  Stalker x3  
  176  10:21  Zealot  
  176  10:35  Disruptor  
  176  10:36  Observer  
  176  10:38  Nexus  
  180  10:42  Pylon  
  180  10:45  Photon Cannon  
  180  10:47  Photon Cannon  
  180  10:49  Shield Battery  
  174  10:55  Probe  
  174  10:56  Photon Cannon  
  175  10:57  Dark Shrine  
  175  10:58  Photon Cannon  
  157  11:12  Stalker  
  157  11:13  Stalker x4  
  157  11:14  Stalker x3  
  157  11:15  Stalker x2  
  177  11:24  Photon Cannon  
  177  11:26  Photon Cannon  
  177  11:27  Gravitic Boosters  
  177  11:30  Photon Cannon  
  177  11:33  Probe x2  
  179  11:45  Stalker x4  
  179  11:46  Protoss Shields Level 1  
  187  11:51  Photon Cannon  
  187  11:52  Photon Cannon  
  187  11:53  Assimilator, Gateway  
  187  11:56  Assimilator, Gateway  
  187  12:01  Stargate  
  183  12:13  Stalker  
  183  12:14  Stalker x6  
  183  12:15  Zealot  
  193  12:19  Probe  
  192  12:44  Stargate  
  192  12:46  Stargate  
  190  12:51  Assimilator  
  190  12:52  Assimilator, Cybernetics Core  
  190  13:13  Fleet Beacon  
  190  13:15  Stargate  
  190  13:19  Nexus  
  183  13:49  Zealot x5  
  183  13:53  Dark Templar x3  
Show
View Real Time Build Order
Export as new Build Order

Probe Protoss 

Build Orders: Phoenix Opening 

Get SALT Encoding   

  12  0:00  Probe  
  13  0:12  Probe  
  14  0:17  Pylon  
  14  0:25  Probe (Chrono Boost)  
  16  0:37  Probe (Chrono Boost)  
  16  0:39  Gateway  
  16  0:42  Probe (Chrono Boost)  
  16  0:45  Assimilator  
  17  0:51  Probe  
  18  0:58  Assimilator  
  18  1:03  Probe (Chrono Boost)  
  19  1:08  Gateway  
  19  1:13  Probe (Chrono Boost)  
  19  1:17  Probe (Chrono Boost)  
  21  1:25  Cybernetics Core  
  21  1:31  Probe  
  22  1:35  Pylon  
  22  1:43  Probe  
  23  1:55  Probe  
  23  2:00  Warp Gate (Chrono Boost)  
  24  2:02  Adept x2  
  24  2:07  Probe  
  29  2:10  Pylon  
  29  2:19  Probe  
  29  2:21  Pylon  
  30  2:31  Probe  
  30  2:32  Sentry  
  30  2:33  Sentry  
  35  2:50  Nexus  
  35  2:54  Shield Battery  
  35  3:00  Stalker  
  37  3:09  Phoenix  
  38  3:14  Pylon  
  38  3:17  Shield Battery  
  36  3:25  Probe  
  37  3:29  Twilight Council  
  37  3:37  Probe  
  38  3:42  Sentry  
  40  3:49  Probe  
  40  3:51  Phoenix  
  40  3:55  Forge  
  41  4:01  Probe (Chrono Boost)  
  42  4:08  Probe (Chrono Boost)  
  42  4:09  Blink (Chrono Boost)  
  43  4:13  Probe (Chrono Boost)  
  45  4:19  Probe (Chrono Boost)  
  45  4:21  Probe (Chrono Boost)  
  46  4:27  Protoss Ground Weapons Level 1 (Chrono Boost), Probe (Chrono Boost)  
  46  4:31  Probe (Chrono Boost)  
  48  4:32  Probe (Chrono Boost)  
  49  4:39  Probe  
  49  4:40  Gateway, Phoenix  
  49  4:42  Probe, Gateway  
  51  4:50  Robotics Facility  
  51  4:51  Probe  
  52  4:54  Probe  
  52  4:58  Stalker x2  
  57  5:03  Pylon  
  57  5:04  Probe  
  57  5:06  Probe  
  59  5:08  Pylon  
  59  5:14  Phoenix  
  59  5:16  Probe  
  59  5:18  Nexus  
  59  5:20  Probe  
  61  5:28  Probe  
  62  5:31  Stalker x2, Assimilator  
  62  5:35  Shield Battery  
  66  5:39  Pylon  
  66  5:44  Stalker, Observer  
  66  5:46  Stalker  
  66  5:49  Probe (Chrono Boost)  
  73  5:53  Phoenix  
  73  5:54  Probe (Chrono Boost)  
  73  6:00  Probe (Chrono Boost)  
  75  6:04  Shield Battery, Probe (Chrono Boost)  
  75  6:05  Probe (Chrono Boost)  
  76  6:11  Gateway, Observer  
  76  6:12  Gateway  
  76  6:13  Probe  
  76  6:15  Probe  
  79  6:21  Stalker x2, Charge (Chrono Boost)  
  79  6:25  Protoss Ground Weapons Level 2 (Chrono Boost), Probe  
  83  6:26  Phoenix  
  83  6:27  Probe  
  83  6:30  Pylon, Probe  
  86  6:38  Probe  
  88  6:40  Probe  
  88  6:42  Probe  
  88  6:46  Stalker x2  
  93  6:50  Probe  
  93  6:51  Pylon  
  94  6:58  Pylon  
  94  7:00  Photon Cannon  
  94  7:07  Shield Battery x2  
  94  7:08  Photon Cannon, Probe x2  
  96  7:10  Stalker  
  98  7:16  Pylon  
  98  7:17  Stalker x2  
  98  7:21  Stalker  
  104  7:29  Stalker x2, Photon Cannon  
  108  7:36  Pylon  
  108  7:38  Probe  
  108  7:39  Probe  
  108  7:43  Assimilator  
  108  7:44  Assimilator  
  110  7:45  Probe  
  110  7:48  Stalker x3  
  110  7:51  Probe  
  118  8:02  Stalker x2  
  118  8:03  Stalker  
  124  8:12  Zealot x2  
  124  8:13  Zealot  
  130  8:20  Nexus  
  128  8:27  Robotics Bay  
  124  8:35  Stalker x5  
  124  8:39  Pylon  
  124  8:40  Probe x3  
  137  8:46  Robotics Facility  
  137  8:49  Zealot  
  137  8:55  Pylon x2  
  139  8:57  Pylon  
  139  9:01  Probe x2  
  141  9:03  Probe  
  141  9:05  Shield Battery  
  141  9:07  Shield Battery  
  141  9:08  Pylon  
  142  9:12  Disruptor (Chrono Boost)  
  142  9:13  Probe  
  146  9:19  Stalker  
  146  9:20  Zealot x2  
  152  9:27  Photon Cannon  
  152  9:30  Stalker x2  
  152  9:31  Stalker  
  158  9:35  Dark Shrine  
  158  9:37  Disruptor  
  161  9:43  Assimilator  
  161  9:44  Disruptor  
  160  9:48  Zealot  
  160  9:49  Zealot x2  
  164  9:54  Archon  
  164  9:56  Shield Battery  
  164  9:59  Shield Battery  
  164  10:00  Photon Cannon  
  145  10:15  Stalker  
  145  10:16  Stalker x5  
  145  10:18  Disruptor  
  145  10:19  Assimilator  
  145  10:20  Assimilator  
  160  10:31  Disruptor  
  162  10:41  Gateway  
  162  10:44  Gateway  
  162  10:45  Gateway  
  162  10:46  Shield Battery  
  162  10:48  Photon Cannon, Gateway  
  160  10:50  Zealot x4  
  160  10:54  Disruptor  
  160  10:56  Dark Templar x2  
  175  11:07  Disruptor  
  168  11:12  Shadow Stride (Chrono Boost)  
  168  11:13  Zealot x4  
  176  11:30  Nexus, Disruptor  
  176  11:32  Pylon  
  177  11:33  Stalker x4  
  162  11:45  Dark Templar x2  
  162  11:46  Dark Templar  
  166  11:51  Disruptor  
  169  12:06  Nexus, Disruptor  
  166  12:14  Stalker x7  
  174  12:27  Pylon  
  174  12:28  Observer  
  175  12:30  Pylon  
  175  12:35  Disruptor  
  175  12:36  Zealot x3  
  175  12:37  Zealot x5  
  175  12:43  Disruptor  
  182  12:52  Shield Battery  
  182  12:54  Shield Battery  
  182  12:57  Shield Battery  
  179  13:07  Zealot x7  
  167  13:37  Dark Templar x6  
  167  13:38  Dark Templar x2  
  183  13:46  Disruptor x2  
  164  14:09  Stalker x2  

Tags
 
Add a new tag
Caveats
  • Supply blocks, unpowered buildings, or Contaminate may cause inaccurate times.
  • Supply counts are checked every 10 seconds.